Map: Traitor's Exile

Players

OpuS - Winner!

  • Race: Protoss Protoss
  • League: Platinum
  • Spawn Location: 6:00

Sketchaphone - Winner!

  • Race: Zerg Zerg
  • League: Platinum
  • Spawn Location: 5:00

Harsh

  • Race: Protoss Protoss
  • League: Diamond
  • Spawn Location: 12:00

Jilith

  • Race: Zerg Zerg
  • Spawn Location: 9:00

VOD

Have the link to the VOD?

Description

Time

  • Played on: Feb. 27, 2019, 8:14 p.m.
  • Length: 9:46
Show
View Real Time Build Order
Export as new Build Order

OpuS Protoss - Winner!

Build Orders:  

Get SALT Encoding   

  12  0:01  Probe  
  13  0:13  Probe  
  14  0:21  Pylon  
  14  0:26  Probe  
  15  0:37  Probe  
  15  0:42  Gateway  
  16  0:46  Probe  
  17  0:50  Assimilator  
  17  0:54  Probe  
  17  1:01  Assimilator  
  18  1:07  Probe  
  19  1:14  Gateway  
  19  1:19  Probe  
  20  1:31  Cybernetics Core, Probe  
  21  1:44  Probe  
  21  1:45  Pylon  
  22  1:56  Probe  
  22  2:08  Stalker, Probe  
  22  2:09  Stalker  
  22  2:13  Warp Gate  
  27  2:23  Probe  
  27  2:29  Pylon  
  28  2:38  Stalker  
  28  2:41  Stalker  
  30  2:47  Pylon  
  32  3:09  Stargate  
  31  3:13  Stalker  
  31  3:14  Stalker  
  35  3:21  Probe  
  36  3:40  Probe  
  37  3:53  Nexus  
  37  4:01  Zealot  
  39  4:04  Zealot  
  41  4:28  Pylon  
  39  4:32  Probe  
  39  4:33  Oracle  
  37  4:44  Probe  
  38  4:55  Stalker x2  
  42  5:00  Twilight Council  
  42  5:01  Gateway  
  42  5:07  Gateway  
  42  5:09  Probe  
  42  5:11  Probe  
  44  5:21  Probe  
  45  5:23  Probe  
  45  5:26  Pylon  
  46  5:30  Adept  
  46  5:31  Adept  
  50  5:48  Charge  
  50  5:59  Adept x2  
  50  6:00  Adept, Void Ray  
  53  6:06  Probe  
  53  6:07  Probe  
  59  6:20  Zealot x2  
  59  6:21  Zealot  
  59  6:23  Zealot  
  67  6:29  Probe x2  
  69  6:40  Pylon  
  69  6:41  Probe x2  
  69  6:42  Void Ray  
  71  6:54  Probe x2  
  77  7:01  Dark Shrine  
  77  7:07  Stalker  
  77  7:08  Stalker  
  81  7:16  Probe x2  
  81  7:20  Zealot  
  85  7:23  Pylon  
  85  7:25  Pylon  
  85  7:28  Probe  
  86  7:41  Probe  
  86  7:42  Probe  
  74  8:00  Zealot  
  74  8:01  Zealot x3  
  74  8:04  Assimilator  
  82  8:08  Assimilator  
  82  8:11  Gateway  
  76  8:13  Gateway  
  76  8:15  Gateway  
  76  8:16  Void Ray  
  76  8:17  Gateway  
  68  8:46  Zealot x2  
  68  8:47  Zealot x2  
  72  8:52  Probe x2  
  66  8:56  Templar Archives  
  66  9:08  Dark Templar x2  
  66  9:09  Dark Templar  
  72  9:11  Dark Templar  
  72  9:16  Zealot x2  
  72  9:17  Zealot  
  80  9:19  Zealot  
  86  9:42  Zealot  
  86  9:43  Zealot x2  
Show
View Real Time Build Order
Export as new Build Order

Sketchaphone Zerg - Winner!

Build Orders: Pool First 

Get SALT Encoding   

  12  0:01  Drone  
  13  0:11  Drone  
  14  0:28  Spawning Pool  
  14  0:31  Drone  
  14  0:35  Extractor  
  13  0:42  Overlord  
  13  0:53  Drone  
  14  1:00  Drone x2  
  16  1:12  Drone  
  16  1:17  Queen  
  19  1:21  Zergling x2  
  20  1:29  Overlord  
  20  1:37  Zergling x2  
  21  1:46  Zergling x2  
  22  1:50  Metabolic Boost  
  22  1:59  Zergling x2  
  23  2:11  Zergling x2  
  24  2:18  Hatchery  
  23  2:24  Zergling x2  
  23  2:28  Drone  
  23  2:29  Drone  
  26  2:31  Drone  
  27  2:37  Zergling x2  
  28  2:58  Drone x2  
  26  3:05  Queen  
  27  3:10  Evolution Chamber  
  27  3:21  Overlord  
  27  3:29  Zergling x2  
  27  3:30  Overlord  
  28  3:39  Drone  
  28  3:41  Queen  
  29  3:46  Queen  
  29  3:48  Zergling x2, Zerg Melee Weapons Level 1  
  33  4:02  Drone x2  
  35  4:04  Zergling x2  
  34  4:15  Zergling x8  
  34  4:16  Queen  
  40  4:26  Drone  
  41  4:42  Overlord  
  41  4:44  Overlord  
  41  4:48  Zergling x6  
  37  5:09  Lair  
  37  5:15  Zergling x6  
  37  5:16  Drone  
  41  5:23  Hatchery  
  39  5:31  Baneling Nest  
  38  5:37  Spine Crawler  
  38  5:39  Spine Crawler  
  36  5:43  Zergling x4  
  36  5:49  Zergling x2  
  40  5:50  Zergling x2, Drone  
  41  5:59  Extractor  
  41  6:00  Drone x2  
  41  6:02  Drone  
  40  6:18  Zerg Melee Weapons Level 2  
  40  6:30  Spire  
  39  6:41  Drone x5  
  44  6:48  Drone x2  
  44  6:49  Drone  
  47  6:58  Pneumatized Carapace  
  47  7:06  Overlord  
  47  7:11  Overlord  
  48  7:15  Drone x2  
  48  7:16  Drone x2  
  51  7:25  Drone  
  51  7:26  Drone x3  
  51  7:29  Drone x2  
  57  7:54  Zergling x26  
  68  8:10  Drone  
  68  8:11  Evolution Chamber, Mutalisk x3  
  71  8:15  Extractor  
  71  8:16  Extractor  
  71  8:18  Drone x3, Extractor  
  65  8:54  Zergling x4  
  65  8:55  Zergling x4  
  64  9:05  Drone x6  
  64  9:06  Drone  
  64  9:09  Extractor  
  67  9:22  Baneling  
  67  9:23  Baneling x2  
Show
View Real Time Build Order
Export as new Build Order

Harsh Protoss 

Build Orders:  

Get SALT Encoding   

  12  0:00  Probe  
  13  0:12  Probe  
  14  0:19  Pylon  
  14  0:25  Probe  
  15  0:33  Probe  
  15  0:41  Probe  
  16  0:43  Gateway  
  17  0:52  Probe  
  18  0:59  Assimilator  
  18  1:04  Probe  
  19  1:13  Gateway  
  19  1:16  Probe  
  20  1:20  Assimilator  
  20  1:28  Probe  
  21  1:34  Cybernetics Core  
  21  1:40  Probe  
  22  1:49  Pylon  
  22  1:51  Warp Gate  
  22  1:59  Probe  
  23  2:01  Zealot  
  25  2:11  Probe  
  26  2:23  Probe  
  26  2:29  Adept  
  29  2:35  Probe  
  30  2:42  Gateway  
  30  2:48  Probe  
  31  2:55  Pylon  
  31  3:13  Adept x2  
  33  3:37  Pylon  
  33  3:40  Zealot  
  33  3:41  Gateway  
  35  3:54  Pylon  
  33  4:01  Pylon  
  31  4:14  Gateway  
  31  4:24  Pylon  
  31  4:26  Pylon  
  31  4:29  Pylon  
  31  4:36  Stalker  
  30  4:43  Probe  
  28  4:55  Probe  
  28  4:59  Pylon  
  28  5:01  Stalker  
  28  5:02  Stalker, Pylon  
  32  5:07  Probe  
  33  5:18  Zealot  
  33  5:20  Probe  
  36  5:26  Stalker x3  
  36  5:27  Stalker  
  44  5:41  Sentry, Probe  
  44  5:49  Probe  
  39  5:59  Probe  
  39  6:11  Probe  
  39  6:12  Nexus  
  40  6:21  Probe  
  40  6:23  Sentry  
  43  6:29  Probe  
  43  6:33  Pylon  
  43  6:37  Probe  
  45  6:50  Probe  
  45  6:51  Zealot  
  45  6:53  Zealot  
  50  7:02  Probe  
  50  7:03  Twilight Council  
  51  7:14  Probe  
  52  7:20  Probe  
  52  7:26  Probe  
  52  7:28  Probe  
  54  7:32  Stalker x2  
  59  7:38  Probe  
  60  7:44  Stalker  
  58  7:52  Stalker  
  40  8:05  Stalker x2  
  40  8:06  Stalker  
  40  8:12  Probe x2  
  48  8:21  Stalker x2  
  48  8:34  Zealot x2  
  48  8:35  Zealot  
  50  8:45  Zealot  
  48  8:50  Pylon  
  45  8:56  Probe  
  46  9:07  Pylon  
  46  9:08  Probe  
  45  9:10  Probe  
  45  9:15  Assimilator  
  46  9:24  Pylon  
  46  9:25  Probe x2  
  46  9:30  Dark Shrine  
Show
View Real Time Build Order
Export as new Build Order

Jilith Zerg 

Build Orders: Pool First 

Get SALT Encoding   

  12  0:03  Drone  
  13  0:15  Overlord  
  13  0:22  Extractor  
  12  0:30  Drone x2  
  14  0:43  Drone x2  
  16  1:01  Spawning Pool  
  16  1:02  Drone  
  16  1:24  Drone x2  
  16  1:25  Drone  
  19  1:38  Evolution Chamber  
  18  1:51  Hatchery  
  17  2:00  Queen  
  19  2:05  Zergling x2  
  20  2:25  Zergling x4  
  20  2:28  Overlord  
  19  3:09  Drone x2  
  19  3:10  Drone x2  
  23  3:17  Zergling x8  
  27  3:26  Zerg Melee Weapons Level 1  
  27  3:42  Zergling x2  
  27  3:44  Overlord  
  27  3:45  Overlord x2  
  28  4:08  Zergling x10  
  28  4:09  Zergling x2  
  33  4:24  Zergling x2  
  33  4:25  Zergling x4  
  34  4:32  Queen  
  36  4:41  Zergling x2  
  36  4:42  Zergling x4  
  37  4:58  Zergling x2  
  37  4:59  Zergling x10  
  41  5:34  Metabolic Boost  
  41  5:36  Zerg Missile Weapons Level 1  
  38  6:11  Zergling x2  
  38  6:12  Zergling x20  
  49  6:42  Drone x2  
  49  6:43  Overlord x3  
  49  6:44  Overlord x3  
  51  6:51  Lair  
  51  7:02  Lair  
  51  7:14  Zergling x4  
  51  7:15  Zergling x10  
  58  7:25  Spore Crawler  
  57  7:31  Zerg Ground Armor Level 1  
  33  8:10  Zergling x12  
  32  8:21  Hatchery  
  31  8:29  Hatchery  
  29  9:15  Hatchery  
  30  9:21  Zergling x6  
  30  9:22  Zergling x6  
Tags
 
Add a new tag
Caveats
  • Supply blocks, unpowered buildings, or Contaminate may cause inaccurate times.
  • Supply counts are checked every 10 seconds.